 Dungeon Crawl Stone Soup version 0.24.0-123-gd5b16e6ec5 (webtiles) character file.

Game seed: 16908559191825546662, levelgen mode: deterministic

922053 mortelune the Slayer (level 27, -1/173 HPs)
             Began as a Gargoyle Fire Elementalist on Jan 30, 2020.
             Was the Champion of Ashenzari.
             Killed from afar by a hellion (24 damage)
             ... with damnation
             ... on level 19 of a ziggurat on Feb 1, 2020.
             The game lasted 07:57:12 (124812 turns).

mortelune the Slayer (Gargoyle Fire Elementalist) Turns: 124812, Time: 07:57:12

Health: -1/173     AC: 58    Str: 21      XL:     27
Magic:  0/51       EV: 21    Int: 27 (29) God:    Ashenzari [******]
Gold:   3652       SH: 23    Dex: 22      Spells: 15/75 levels left

rFire    + + +     SeeInvis +   v - +18 lance "Wyrmbane" {slay drac, rPois rF+ rC+ AC+3} (curse)
rCold    + + +     Gourm    .   p - +2 shield {rC+ rF+} (curse)
rNeg     + + .     Faith    .   P - +9 plate armour of a Billion Moons {rF+ MR+}
rPois    ∞         Spirit   +   s - +0 hat "Ojamog" {Dex+5 Slay+3} (curse)
rElec    +         Reflect  .   l - scarf {repulsion}
rCorr    +         Harm     .   D - +0 pair of gloves of Entitlement {+Inv rCorr Str+2} (curse)
MR       ++++.     Clarity  +   b - +0 pair of boots {run} (curse)
Stlth    ..........             w - amulet of Surprise {Spirit MR+ Dex+2} (curse)
HPRegen  0.38/turn              B - +5 ring of slaying (curse)
MPRegen  0.32/turn              x - ring of the Nine Shrikes {+Fly rPois rC+ rN+ Str+2} (curse)

@: mighty, agile, resistant, flying, studying Polearms, repel missiles, quick
A: big wings, large bone plates 2, thin metallic scales 1, clever 1,
deterioration 1, frail 1, negative energy resistance 1, electricity resistance,
weak 1, unbreathing, petrification resistance, rot immunity, AC +20
}: 5/15 runes: serpentine, barnacled, slimy, silver, abyssal
a: Stop Flying, Curse Item, Scrying, Transfer Knowledge, Renounce Religion,
Evoke Invisibility


You were on level 19 of a ziggurat.
You worshipped Ashenzari.
Ashenzari was exalted by your worship.
You were not hungry.

You visited 14 branches of the dungeon, and saw 61 of its levels.
You visited the Abyss 1 time.
You visited 1 bazaar.
You visited 1 ziggurat, and saw 19 of its levels.
You also visited: Ice Cave and Desolation.

You collected 9384 gold pieces.
You spent 5732 gold pieces at shops.

Inventory:

Hand Weapons
 v - the cursed +18 lance "Wyrmbane" (weapon) {slay drac, rPois rF+ rC+ AC+3}
   (You found it on level 4 of the Shoals)

   It affects your AC (+3).
   It protects you from fire.
   It protects you from cold.
   It protects you from poison.
   It has a curse placed upon it.
Armour
 b - a cursed +0 pair of boots of running (worn)
 l - a scarf of repulsion (worn)
 p - a cursed +2 shield of resistance (worn)
 s - the cursed +0 hat "Ojamog" (worn) {Dex+5 Slay+3}
   (You found it on level 1 of the Depths)

   It affects your dexterity (+5).
   It affects your accuracy and damage with ranged weapons and melee attacks
   (+3).
   It has a curse placed upon it.
 D - the cursed +0 pair of gloves of Entitlement (worn) {+Inv rCorr Str+2}
   (You acquired it on level 7 of the Dungeon)

   It affects your strength (+2).
   It lets you turn invisible.
   It provides partial protection from all sources of acid and corrosion.
   It has a curse placed upon it.
 I - the +8 orange crystal plate armour {Archmagi, Int+3 Clar}
   (You found it on level 15 of a ziggurat)

   It affects your intelligence (+3).
   It protects you against confusion.
 P - the +9 plate armour of a Billion Moons (worn) {rF+ MR+}
   (You found it in an ice cave)

   It protects you from fire.
   It affects your resistance to hostile enchantments.
Jewellery
 w - the cursed amulet of Surprise (around neck) {Spirit MR+ Dex+2}
   (You bought it in a shop in a bazaar)

   [amulet of guardian spirit]

   It causes incoming damage to be split between your health and magic.
   It affects your dexterity (+2).
   It affects your resistance to hostile enchantments.
   It has a curse placed upon it.
 x - the cursed ring of the Nine Shrikes (right hand) {+Fly rPois rC+ rN+ Str+2}
   (You took it off a yaktaur captain on level 14 of the Dungeon)

   [ring of flight]

   It affects your strength (+2).
   It protects you from cold.
   It protects you from poison.
   It protects you from negative energy.
   It lets you fly.
   It has a curse placed upon it.
 y - the cursed amulet of Moodiness {RegenMP rN+ SInv}
   (You acquired it on level 5 of the Vaults)

   [amulet of magic regeneration]

   It increases your magic regeneration.
   It protects you from negative energy.
   It lets you see invisible.
   It has a curse placed upon it.
 B - a cursed +5 ring of slaying (left hand)
 M - the cursed ring "Tesecvirr" {rElec Str-3 Dex+8}
   (You found it on level 17 of a ziggurat)

   [ring of strength]

   It affects your strength (-3).
   It affects your dexterity (+8).
   It insulates you from electricity.
   It has a curse placed upon it.
Wands
 G - a wand of acid (50)
 H - a wand of clouds (32)
 R - a wand of iceblast (61)
 V - a wand of paralysis (18)
 W - a wand of enslavement (13)
 X - a wand of digging (23)
Scrolls
 a - 6 scrolls of remove curse
 d - 6 scrolls of silence
 e - 36 scrolls of identify
 m - 12 scrolls of teleportation
 o - 7 scrolls of fear
 q - 10 scrolls of fog
 r - 6 scrolls of enchant armour
 t - 8 scrolls of vulnerability
 E - 7 scrolls of holy word
 F - 13 scrolls of amnesia
 K - 3 scrolls of immolation
 L - 8 scrolls of blinking
 T - 11 scrolls of magic mapping
Potions
 f - 8 potions of haste
 h - 5 potions of cancellation
 i - 15 potions of brilliance
 j - 30 potions of curing
 k - 7 potions of heal wounds
 u - 2 potions of magic
 z - 9 potions of agility
 A - 8 potions of mutation
 C - 8 potions of might
 J - 10 potions of invisibility
 N - 4 potions of ambrosia
 O - 3 potions of berserk rage
 S - 5 potions of resistance
Books
 Z - a manual of Polearms
Miscellaneous
 g - 10 phantom mirrors
 n - a crystal ball of energy
 Q - 11 boxes of beasts
 U - a lamp of fire (inert)
 Y - a crystal ball of energy
Comestibles
 c - 43 rations


   Skills:
 * Level 25.0 Fighting
   Level 0.0(9.3) Axes
 + Level 14.1(18.1) Polearms
 - Level 17.5(21.2) Armour
 - Level 12.0 Dodging
 - Level 2.3 Stealth
 - Level 12.3(15.0) Shields
 + Level 24.5 Spellcasting
 - Level 13.9(18.0) Conjurations
 * Level 19.2(22.7) Summonings
 - Level 6.0(10.5) Necromancy
 - Level 13.9(18.0) Translocations
 - Level 23.9(27) Fire Magic
 - Level 7.5(12.0) Air Magic
 - Level 8.6(13.0) Earth Magic
 - Level 11.2(15.4) Evocations


You had 15 spell levels left.
You knew the following spells:

 Your Spells              Type           Power        Failure   Level  Hunger
a - Ignition              Fire           ########..   1%          8    ####...
b - Throw Flame           Conj/Fire      ######       0%          2    None
c - Sticky Flame          Conj/Fire      ########     0%          4    None
d - Conjure Flame         Conj/Fire      ########     0%          3    None
e - Fireball              Conj/Fire      ########..   0%          5    None
f - Regeneration          Chrm/Necr      ######....   1%          3    None
g - Blink                 Tloc           N/A          0%          2    None
h - Bolt of Fire          Conj/Fire      ########..   1%          6    None
i - Apportation           Tloc           ######       0%          1    None
j - Passage of Golubria   Tloc           N/A          1%          4    None
q - Bolt of Magma         Conj/Fire/Erth #######...   1%          5    None
v - Malign Gateway        Summ/Tloc      #######...   1%          7    ##.....
w - Shadow Creatures      Summ           N/A          1%          6    None
z - Summon Lightning Spi  Summ/Air       #######.     1%          4    None

Your spell library contained the following spells:

 Spells                   Type           Power        Failure   Level  Hunger
 Flame Tongue             Conj/Fire      #####        0%          1    None
 Magic Dart               Conj           ####         0%          1    None
 Shock                    Conj/Air       ####         0%          1    None
 Summon Butterflies       Summ           ########     0%          1    None
 Summon Small Mammal      Summ           ####         0%          1    None
 Call Imp                 Summ           ########     0%          2    None
 Searing Ray              Conj           ######       0%          2    None
 Call Canine Familiar     Summ           ########     0%          3    None
 Gell's Gravitas          Tloc           #######...   0%          3    None
 Recall                   Summ/Tloc      N/A          0%          3    None
 Teleport Other           Tloc           #######.     0%          3    None
 Aura of Abjuration       Summ           ########..   0%          5    None
 Summon Demon             Summ           ########..   0%          5    None
 Animate Skeleton         Necr           N/A          1%          1    None
 Pain                     Necr           ####         1%          1    None
 Sandblast                Erth           ######       1%          1    None
 Sting                    Conj/Pois      ####         1%          1    None
 Corpse Rot               Necr           N/A          1%          2    None
 Passwall                 Tmut/Erth      ######..     1%          2    None
 Poisonous Vapours        Pois/Air       ######       1%          2    None
 Shroud of Golubria       Chrm/Tloc      ######       1%          2    None
 Swiftness                Chrm/Air       ######..     1%          2    None
 Throw Frost              Conj/Ice       ######       1%          2    None
 Dazzling Spray           Conj/Hex       ######       1%          3    None
 Ignite Poison            Fire/Tmut/Pois ######..     1%          3    None
 Inner Flame              Hex/Fire       #######.     1%          3    None
 Mephitic Cloud           Conj/Pois/Air  ######..     1%          3    None
 Portal Projectile        Hex/Tloc       ######       1%          3    None
 Static Discharge         Conj/Air       #######.     1%          3    None
 Stone Arrow              Conj/Erth      ######       1%          3    None
 Summon Guardian Golem    Hex/Summ       #######.     1%          3    None
 Vampiric Draining        Necr           ######....   1%          3    None
 Airstrike                Air            #######...   1%          4    None
 Animate Dead             Necr           N/A          1%          4    None
 Force Lance              Conj/Tloc      #######.     1%          4    None
 Fulminant Prism          Conj/Hex       ######....   1%          4    None
 Iskenderun's Mystic Bla  Conj           #######.     1%          4    None
 Summon Ice Beast         Ice/Summ       #######.     1%          4    None
 Throw Icicle             Conj/Ice       ######..     1%          4    None
 Bolt of Draining         Conj/Necr      #######...   1%          5    None
 Borgnjor's Vile Clutch   Necr/Erth      #######...   1%          5    None
 Lee's Rapid Deconstruct  Erth           #######...   1%          5    None
 Lightning Bolt           Conj/Air       #######...   1%          5    None
 Summon Forest            Summ/Tloc      #######...   1%          5    None
 Summon Mana Viper        Hex/Summ       #######.     1%          5    None
 Conjure Ball Lightning   Conj/Air       #######...   1%          6    None
 Dispersal                Tloc           #######...   1%          6    None
 Iron Shot                Conj/Erth      #######...   1%          6    None
 Monstrous Menagerie      Summ           ########..   1%          7    ##.....
 Spellforged Servitor     Conj/Summ      #######...   1%          7    ##.....
 Summon Greater Demon     Summ           ########..   1%          7    ##.....
 Summon Hydra             Summ           ########..   1%          7    ##.....
 Agony                    Necr           ######..     2%          5    None
 Dispel Undead            Necr           ######..     2%          5    None
 Leda's Liquefaction      Hex/Erth       ######....   3%          4    None
 Petrify                  Tmut/Erth      ######..     3%          4    None
 Iskenderun's Battlesphe  Conj/Chrm      ######..     3%          5    None
 Venom Bolt               Conj/Pois      ######....   3%          5    None
 Orb of Destruction       Conj           #######...   3%          7    ##.....
 Summon Horrible Things   Summ           ########..   3%          8    ####...
 Beastly Appendage        Tmut           #####.       4%          1    None
 Confusing Touch          Hex            #####.       4%          1    None
 Corona                   Hex            #####..      4%          1    None
 Freeze                   Ice            ####         4%          1    None
 Infusion                 Chrm           ####         4%          1    None
 Haunt                    Necr/Summ      #######...   5%          7    ##.....
 Ensorcelled Hibernation  Hex/Ice        #####.       7%          2    None
 Slow                     Hex            #####...     7%          2    None
 Song of Slaying          Chrm           #####...     7%          2    None
 Sticks to Snakes         Tmut           #####...     7%          2    None
 Silence                  Hex/Air        ######....   12%         5    None
 Confuse                  Hex            #####...     14%         3    None
 Ozocubu's Armour         Chrm/Ice       #####...     14%         3    None
 Spectral Weapon          Hex/Chrm       #####...     14%         3    None
 Spider Form              Tmut/Pois      #####.....   14%         3    None
 Tukima's Dance           Hex            #####...     14%         3    None
 Freezing Cloud           Conj/Ice/Air   ######....   14%         6    None
 Excruciating Wounds      Chrm/Necr      ######....   17%         5    None
 Ring of Flames           Chrm/Fire      #######...   19%         7    ##.....
 Bolt of Cold             Conj/Ice       ######....   21%         6    None
 Controlled Blink         Tloc           N/A          26%         8    ####...
 Disjunction              Tloc           #######...   26%         8    ####...
 Ice Form                 Ice/Tmut       #####...     41%         4    None
 Olgreb's Toxic Radiance  Pois           #####...     41%         4    None
 Cause Fear               Hex            #####.....   43%         4    None
 Dragon's Call            Summ           ########..   47%         9    ######.
 Deflect Missiles         Chrm/Air       ######....   56%         6    None
 Simulacrum               Ice/Necr       ######....   67%         6    None
 Alistair's Intoxication  Tmut/Pois      #####...     77%         5    None
 Blade Hands              Tmut           #####.....   77%         5    None
 Metabolic Englaciation   Hex/Ice        #####.....   77%         5    None
 Yara's Violent Unravell  Hex/Tmut       #####.....   77%         5    None
 Borgnjor's Revivificati  Necr           ######....   99%         8    ####...
 Infestation              Necr           ######....   99%         8    ####...
 Darkness                 Hex            #####.....   100%        6    None
 Hydra Form               Tmut           #####.....   100%        6    None
 Invisibility             Hex            #####...     100%        6    None
 Ozocubu's Refrigeration  Ice            #####.....   100%        6    None
 Dragon Form              Tmut           #####.....   100%        7    ##.....
 Death's Door             Chrm/Necr      ######....   100%        8    ####...
 Discord                  Hex            #####.....   100%        8    ####...
 Necromutation            Tmut/Necr      ######....   100%        8    ####...
 Shatter                  Erth           #######...   100%        9    ######.
 Tornado                  Air            #######...   100%        9    ######.
 Sublimation of Blood     Necr           Unusable     N/A         2    N/A
 Statue Form              Tmut/Erth      Unusable     N/A         6    N/A

Dungeon Overview and Level Annotations

Branches:
Dungeon (15/15)            Temple (1/1) D:6            Lair (6/6) D:11
 Shoals (4/4) Lair:2        Snake (4/4) Lair:2        Slime (5/5) Lair:5
    Orc (2/2) D:9             Elf (3/3) Orc:2        Vaults (5/5) D:13
  Crypt (3/3) Vaults:3       Tomb (0/3) Crypt:3      Depths (5/5) D:15
   Hell (visited)             Dis (0/7) Hell            Geh (0/7) Hell
    Coc (0/7) Hell            Tar (2/7) Hell            Zot (5/5) Depths:5
  IceCv (visited)         Desolation (visited)

Altars:
Ashenzari
Dithmenos
Elyvilon
Fedhas
Gozag
Kikubaaqudgha
Makhleb
Okawaru
Ru
Sif Muna
Trog
Uskayaw
Vehumet
Xom
Yredelemnul
Zin
The Shining One
Beogh
Lugonu

Shops:
D:8 (   D:9 }   D:11 *   D:13 (   Orc:1 =   Orc:2 %}%(   Elf:3 }=}   Snake:4 !
Vaults:5 [

Portals:
Hell: Depths:1 Depths:2 Depths:3 Depths:4 Depths:5
Abyss: Depths:2 Depths:3 Depths:4
Pandemonium: Orc:2 Depths:1 Depths:2 Depths:3

Annotations:
Depths:1 Murray
Depths:3 1 transporter, Pylywuoh's ghost, adept TrMo


Innate Abilities, Weirdness & Mutations

You are resistant to torment.
Your stone body is resilient. (AC +20)
You are immune to poison.
Your large and strong wings let you fly indefinitely.
You resist negative energy. (rN+)
You are resistant to electric shocks. (rElec)
You can survive without breathing.
You are immune to petrification.
You are immune to rotting.
You are mostly covered in large bone plates. (SH +6)
You are partially covered in thin metallic scales. (AC +2)
Your mind is acute. (Int +2)
Your body sometimes deteriorates upon taking damage.
You are frail. (-10% HP)
You are weak. (Str -2)


Message History

The dungeon shakes, a horrible noise fills the air, and a portal to some otherworldly place is opened!
The hellion gestures at you.
The sphere of damnation explodes!
The damnation engulfs you!!!
* * * LOW HITPOINT WARNING * * *
Your body deteriorates!
You feel dopey.
Okay, then.
Unknown command.
You feel much better.
Evoke which item? (* to show all) (? for menu, Esc to quit)
Aiming: Enslavement
Press: ? - help, Shift-Dir - straight line, f - hellion
Aim: a hellion (silenced, chance to defeat MR: 48%)
The hellion is charmed.
The juggernaut skeleton hits you but does no damage.
You block the juggernaut skeleton's attack.
Your hellion gestures at the juggernaut skeleton.
The sphere of damnation explodes!
The damnation engulfs the juggernaut skeleton!!
The damnation engulfs you!!
You die...

* *** *▓... ,
▓.... , ,
*▓....., , ,
▓......,,,,,
▓▓....... , ,
▓▓)..§§...,,,
, ,
▓▓....§§§..,
,, ,
▓@Z).)§w§..,
,,,
▓▓°[.☼☼○§.. ,
, ,
▓▓)°.§.§.., ,
, ▓▓.2○....,
,,
*▓......,,,,,
▓..... ,,,
▓.... ,,,,,,
▓..., ,, ,,
*** *** *


You could see a juggernaut skeleton, a friendly eldritch tentacle and a friendly
hellion.

Vanquished Creatures
  the Royal Jelly (Slime:5)
  A pandemonium lord (Zig:14)
  8 ancient liches
  4 juggernauts
  Bai Suzhen (Shoals:3)
  Frederick (Vaults:2)
  Boris (twice) (Vaults:2 Vaults:4)
  Xtahua (Crypt:2)
  2 Killer Klowns
  Saint Roka (Vaults:3)
  Vashnia (Snake:2)
  3 golden dragons
  A profane servitor (Abyss:1)
  The ghost of Kehicw the Executioner, an adept HOAs of Okawaru (Shoals:1)
  8 bone dragons
  Jory (Vaults:2)
  The ghost of Eddam the Peltast, an adept MiBe of Trog (Depths:1)
  8 doom hounds
  2 Tzitzimimeh (Tar:1)
  19 tentacled monstrosities
  Jorgrun (D:14)
  3 electric golems
  7 liches
  22 Orb Guardians (Zot:5)
  14 acid blobs
  3 deep elf blademasters
  A quicksilver dragon (shapeshifter) (Vaults:3)
  13 tentacled starspawn
  12 quicksilver dragons
  7 titans
  4 deep elf master archers
  An Executioner (Abyss:3)
  Kirke (D:14)
  A sphinx (shapeshifter) (Zig:14)
  3 death cobs
  6 tengu reavers
  7 ancient champions
  The ghost of case the Executioner, an adept MiBe of Trog (Shoals:1)
  4 sphinxes
  15 shadow dragons
  14 storm dragons
  6 nagarajas (Snake:4)
  Roxanne (Shoals:3)
  4 revenants
  10 draconian monks
  10 azure jellies
  16 vault wardens
  An orc warlord (Zig:13)
  An iron dragon (Vaults:4)
  Aizul (Snake:1)
  12 draconian knights
  Louise (D:14)
  5 deep elf sorcerers
  The ghost of Wecaes the Arsonist, a journeyman HOFE of Okawaru (Shoals:1)
  7 ghost moths
  An imperial myrmidon (Desolation)
  7 fire giants
  12 draconian scorchers
  An emperor scorpion (Zig:12)
  7 frost giants
  10 draconian annihilators
  A balrug (Abyss:3)
  4 curse skulls
  7 ghouls
  25 reapers
  10 draconian shifters
  2 juggernaut skeletons
  9 deep elf elementalists
  35 very ugly things
  6 draconian stormcallers
  17 ironheart preservers
  2 spriggan defenders (Depths:3)
  2 angels (Abyss:3)
  4 entropy weavers
  A war gargoyle (Hell)
  3 blood saints (Zig:16)
  23 stone giants
  Nessos (Lair:5)
  3 deep elf demonologists
  Azrael (Snake:3)
  24 black draconians
  14 vampire knights
  11 green draconians
  10 deep elf annihilators
  4 halazid warlocks (Desolation)
  7 spark wasps
  16 white draconians
  A lorocyproca (Depths:1)
  12 yellow draconians
  15 red draconians
  23 purple draconians
  Snorg (Lair:5)
  14 ettins
  11 crystal guardians
  6 green deaths
  14 deep elf death magi
  10 eidola
  8 merfolk impalers
  10 merfolk javelineers
  6 blizzard demons
  A spectral golden dragon (Crypt:3)
  11 death oozes
  6 deep elf high priests
  2 mummy priests (Zig:3)
  A quicksilver dragon zombie (Crypt:2)
  14 ogre magi
  35 small abominations
  5 fire dragons
  8 jiangshi
  20 yaktaur captains
  4 quicksilver dragon skeletons
  12 great orbs of eyes
  8 servants of whispers (Desolation)
  A monstrous demonspawn (Depths:3)
  7 ragged hierophants (Desolation)
  8 rakshasas
  26 naga warriors
  9 peacekeepers (Desolation)
  11 ice dragons
  A ghost crab (Zig:19)
  34 vault guards
  An ice dragon (shapeshifter) (Vaults:5)
  15 hydras
  8 anacondas
  6 merfolk avatars
  14 centaur warriors
  A spriggan air mage (Depths:3)
  5 satyrs
  2 shambling mangroves (Zig:15)
  2 catoblepae (Lair:6)
  3 death knights
  2 merfolk aquamancers (Shoals:4)
  20 dancing weapons
  42 two-headed ogres
  7 hell hogs
  6 tengu warriors
  8 deep troll earth magi
  3 alligators (Zig:15)
  10 deep troll shamans
  6 thrashing horrors
  6 soul eaters
  A titan zombie (Hell)
  6 shock serpents
  A shock serpent (shapeshifter) (Vaults:5)
  21 naga sharpshooters
  7 spriggan berserkers
  13 vampire magi
  A spectral dire elephant (Crypt:3)
  6 sun demons
  3 storm dragon zombies
  14 orc high priests
  20 spriggans
  4 death yaks
  21 hell knights
  21 deep elf knights
  2 death drakes
  9 wretched stars
  A titan skeleton (Tar:2)
  8 iron trolls
  A fire crab (Shoals:3)
  A fire crab (shapeshifter) (Abyss:3)
  49 skeletal warriors
  7 sixfirhies
  19 shadow wraiths
  4 spatial maelstroms (Abyss:3)
  22 deep trolls
  A salamander mystic (Snake:2)
  A gelid demonspawn (Orc:2)
  An infernal demonspawn (Orc:2)
  7 unseen horrors
  2 golden dragon zombies
  2 unseen horrors (shapeshifter)
  14 flayed ghosts
  4 storm dragon skeletons
  A glowing orange brain (shapeshifter) (Depths:2)
  The ghost of Nilihum the Zephyrmancer, a novice TeAE of Vehumet (D:8)
  10 naga ritualists
  9 sea snakes
  9 wizards
  2 glowing orange brains
  2 anaconda zombies
  2 orange crystal statues
  A kraken simulacrum (Hell)
  A torturous demonspawn (Orc:2)
  5 shadow demons
  2 anaconda skeletons
  22 harpies
  27 phantasmal warriors
  Pikel (D:4)
  2 golden dragon skeletons
  3 swamp dragons (Zig:15)
  13 deep elf archers
  20 ironbrand convokers
  An orb spider (Zig:12)
  2 iron dragon zombies (Zig:18)
  A shadow dragon zombie (Hell)
  6 mana vipers
  18 necromancers
  2 wolf spider zombies
  24 orc knights
  4 wolf spiders
  6 oklob plants
  A faun (shapeshifter) (Vaults:3)
  15 orc sorcerers
  2 sphinx skeletons
  12 salamanders
  56 deep elf magi
  4 stone giant zombies
  A shadow dragon skeleton (Zig:19)
  36 ugly things
  21 fauns
  9 manticores
  4 fire giant zombies
  6 worldbinders (Abyss:3)
  28 moths of wrath
  5 cyclopes
  2 stone giant skeletons
  A dire elephant zombie (Crypt:2)
  2 fire giant skeletons
  An iron dragon skeleton (Crypt:2)
  A black mamba (shapeshifter) (Depths:3)
  3 frost giant skeletons
  17 vault sentinels
  5 ice statues
  Joseph (D:8)
  2 apocalypse crabs (Abyss:3)
  4 water nymphs
  31 black mambas
  4 rust devils
  12 smoke demons
  A molten gargoyle (Hell)
  13 merfolk sirens
  13 guardian serpents
  A storm dragon simulacrum (Abyss:4)
  25 naga magi
  6 eyes of devastation
  A torpor snail (Zig:12)
  An emperor scorpion zombie (Abyss:3)
  4 gargoyles
  10 spiny frogs
  2 orange demons
  4 demonic crawlers
  A dire elephant skeleton (Abyss:2)
  10 hellions
  A spriggan skeleton (Zig:18)
  10 komodo dragons
  A yaktaur zombie (Vaults:3)
  5 tengu conjurers
  6 ancient zymes
  21 freezing wraiths
  A kobold demonologist (D:8)
  13 ice devils
  61 yaktaurs
  A guardian mummy (Zig:3)
  4 hellwings
  A hydra zombie (Hell)
  5 red devils
  16 trolls
  A harpy zombie (D:15)
  6 silent spectres
  A grey draconian skeleton (Crypt:1)
  A jumping spider (Zig:12)
  6 polar bears
  10 wind drakes
  3 meliai (D:15)
  3 tyrant leeches (Zig:15)
  27 merfolk
  30 hornets
  58 saltlings (Desolation)
  An ice dragon zombie (Crypt:2)
  58 slime creatures
  A human simulacrum (Vaults:3)
  19 raiju
  4 bog bodies
  A hydra skeleton (Hell)
  15 blink frogs
  An iron dragon simulacrum (Crypt:3)
  A stone giant simulacrum (Vaults:1)
  8 hippogriffs
  8 snapping turtles
  A dream sheep (Lair:6)
  An ice dragon skeleton (Tar:1)
  An ettin skeleton (Tar:1)
  3 ettin zombies
  A frost giant simulacrum (Hell)
  7 wyverns
  3 redbacks
  4 air elementals
  An ushabti (Zig:3)
  A satyr skeleton (Crypt:2)
  18 shadows
  2 spriggans (shapeshifter)
  8 water elementals
  2 centaur simulacra
  31 flying skulls
  A vampire (Zig:9)
  A tarantella (shapeshifter) (Vaults:5)
  3 tarantellas (Zig:12)
  2 wyverns (shapeshifter)
  21 wraiths
  27 large abominations
  4 fire bats
  6 hogs (D:14)
  5 ynoxinuls
  25 yaks
  5 basilisks
  17 fire elementals
  A golden eye (shapeshifter) (Depths:2)
  Grum (D:7)
  10 chaos spawn
  9 vampire mosquitoes
  11 hungry ghosts
  9 neqoxecs
  3 yaktaur simulacra
  9 wargs
  An acid dragon (Vaults:1)
  Edmund (D:4)
  57 nagas
  A swamp worm (shapeshifter) (Vaults:5)
  An insubstantial wisp (Abyss:3)
  2 soldier ants (shapeshifter)
  8 water moccasins
  3 spatial vortices (Abyss:3)
  18 hell hounds
  A spiny frog zombie (Hell)
  A water nymph zombie (Crypt:2)
  A torturous demonspawn skeleton (Hell)
  A gelid demonspawn skeleton (Crypt:3)
  7 porcupines
  A floating eye (Lair:2)
  A two-headed ogre skeleton (Crypt:1)
  6 eyes of draining
  A merfolk skeleton (Crypt:1)
  A swamp drake (shapeshifter) (Depths:1)
  3 sky beasts
  A lindwurm zombie (Crypt:3)
  62 orc warriors
  A manticore zombie (Hell)
  2 ettin simulacra (Abyss:3)
  6 black bears
  10 ice beasts
  4 phantoms
  A spiny frog skeleton (Crypt:2)
  A swamp dragon zombie (Crypt:1)
  33 wolves
  11 boggarts
  14 necrophages
  31 ogres
  8 elf skeletons
  A manticore skeleton (Crypt:2)
  9 crocodiles
  2 crocodiles (shapeshifter)
  30 centaurs
  8 big kobolds
  15 bullfrogs
  A yaktaur skeleton (Crypt:3)
  5 elf zombies
  2 earth elementals
  2 human skeletons
  2 deep troll simulacra
  A wyvern zombie (Crypt:2)
  A cyclops zombie (Crypt:1)
  A warg zombie (Crypt:3)
  2 wyvern skeletons
  7 scorpions
  A yak zombie (Crypt:2)
  A water moccasin skeleton (D:12)
  5 jellies
  24 killer bees
  29 wights
  A howler monkey (D:4)
  4 centaur zombies
  6 crimson imps
  10 starcursed masses
  A draconian simulacrum (IceCv)
  5 human zombies (Crypt:3)
  5 quasits
  An elf simulacrum (Abyss:3)
  A basilisk zombie (Crypt:2)
  A bullfrog skeleton (D:9)
  33 orc priests
  2 gnoll shamans
  7 hounds
  28 orc wizards
  4 centaur skeletons
  7 iron imps
  Jessica (D:2)
  5 iguanas
  A basilisk skeleton (Crypt:3)
  2 troll simulacra (IceCv)
  12 worker ants
  11 lightning spires
  3 spriggan simulacra (IceCv)
  3 tengu zombies
  3 ogre zombies
  A big kobold skeleton (Crypt:1)
  A felid skeleton (Crypt:3)
  A crocodile skeleton (Crypt:3)
  A hound skeleton (D:6)
  3 mummies (Zig:3)
  A howler monkey zombie (D:10)
  2 worker ant zombies (D:6)
  13 gnolls
  14 adders
  2 howler monkey skeletons (D:7)
  3 naga simulacra (IceCv)
  An ogre simulacrum (IceCv)
  A steam dragon skeleton (Crypt:2)
  14 shadow imps
  21 white imps
  An ufetubus (Abyss:3)
  An ooze (shapeshifter) (Depths:1)
  An adder zombie (D:6)
  A lava snake zombie (Crypt:2)
  An ooze (D:6)
  2 adder skeletons
  2 worms
  A dart slug (D:2)
  8 leopard geckos
  112 orcs
  A giant cockroach (shapeshifter) (Vaults:4)
  6 giant cockroaches
  3 goblins
  6 hobgoblins
  16 jackals
  8 kobolds
  9 quokkas
  5 bats
  4 frilled lizards
  A jackal skeleton (D:5)
  3 leopard gecko skeletons
  2 orc zombies (Crypt:3)
  A quokka skeleton (Crypt:2)
  3 rats
  A rat (shapeshifter) (Depths:1)
  5 bushes (Lair:2)
  11 plants
  5 starspawn tentacles (Abyss:3)
  A tentacle (Hell)
3524 creatures vanquished.

Vanquished Creatures (collateral kills)
  4 orbs of fire (Zot:5)
  Mennas (Vaults:5)
  5 ancient liches
  7 Killer Klowns
  2 curse toes (Zot:3)
  2 golden dragons
  Geryon (Hell)
  2 bone dragons
  A Brimstone Fiend (Zig:10)
  A Tzitzimitl (Zig:18)
  2 electric golems
  An Ice Fiend (Zig:7)
  3 Orb Guardians (Zot:5)
  A quicksilver dragon (Zot:2)
  A lich (Zig:10)
  2 deep elf blademasters
  4 acid blobs
  A sphinx (Depths:4)
  An ancient champion (Crypt:3)
  A storm dragon (Zot:5)
  6 shadow dragons
  3 azure jellies
  3 fire giants
  3 cacodemons (Depths:1)
  An orc warlord (Zig:13)
  A draconian scorcher (Zot:5)
  A vault warden (Vaults:3)
  An ironheart preserver (Vaults:5)
  A draconian stormcaller (Zot:4)
  A balrug (Depths:3)
  An emperor scorpion (Zig:12)
  4 draconian annihilators
  A caustic shrike skeleton (Zig:19)
  A draconian shifter (Zot:2)
  2 very ugly things (Depths:1)
  A juggernaut skeleton (Zig:10)
  3 reapers
  A spriggan defender (Depths:3)
  2 stone giants
  A blood saint (Zig:16)
  A green draconian (Zot:4)
  A vampire knight (Depths:1)
  A purple draconian (Zot:2)
  4 red draconians
  2 white draconians
  2 black draconians
  A yellow draconian (Zot:5)
  An ettin (Vaults:5)
  3 death oozes (Slime:5)
  An eidolon (Zig:17)
  A deep elf death mage (Crypt:2)
  A crystal guardian (Depths:3)
  A jiangshi (Crypt:2)
  A green death (Abyss:3)
  A great orb of eyes (Zig:6)
  3 yaktaur captains
  An ice dragon (Depths:4)
  2 naga warriors (Snake:2)
  3 two-headed ogres
  3 dancing weapons (Elf:2)
  A satyr (Zig:11)
  2 deep troll shamans
  2 tengu warriors (Depths:3)
  2 hell hogs
  2 deep troll earth magi
  A vampire mage (Zig:17)
  A spriggan berserker (Depths:3)
  3 naga sharpshooters
  3 thrashing horrors
  2 salamander mystics
  7 hell knights
  An iron troll (Depths:4)
  A spatial maelstrom (Zig:9)
  A shadow demon (Tar:1)
  2 skeletal warriors
  A spark wasp zombie (Zig:7)
  2 death drakes
  A glowing orange brain (Depths:1)
  A ghost moth zombie (Tar:1)
  A swamp dragon (shapeshifter) (Depths:1)
  4 deep trolls
  3 ironbrand convokers
  An orange crystal statue (Zig:13)
  A deep elf archer (Vaults:3)
  2 necromancers
  A phantasmal warrior (Vaults:5)
  3 deep elf magi (Elf:2)
  2 orc knights
  3 wolf spiders
  An orb spider (Zig:12)
  An orc sorcerer (Vaults:3)
  3 shining eyes
  10 ugly things
  3 salamanders
  3 moths of wrath
  A shadow dragon skeleton (Zig:10)
  An apocalypse crab (Abyss:3)
  A guardian serpent (Snake:3)
  A spriggan skeleton (Zig:18)
  2 orange demons (Abyss:3)
  A naga mage (Snake:3)
  A smoke demon (Zig:9)
  A rime drake (shapeshifter) (Zot:1)
  4 hellions
  2 demonic crawlers
  8 yaktaurs
  2 red devils (Zig:10)
  A hellwing (Depths:3)
  A troll (Zig:13)
  12 slime creatures
  6 saltlings (Desolation)
  4 hornets (Abyss:3)
  3 raiju
  4 shadows
  A large abomination (Abyss:3)
  An alligator skeleton (Hell)
  3 flying skulls (Tar:1)
  A fire elemental (Snake:3)
  A warg (Vaults:1)
  A neqoxec (Zig:9)
  3 nagas
  8 hell hounds
  A hydra simulacrum (Hell)
  2 orc warriors
  A phantom (Tar:1)
  An eye of draining (shapeshifter) (Vaults:1)
  2 necrophages
  A small abomination (Zig:9)
  A snapping turtle skeleton (Hell)
  4 ogres (Vaults:2)
  A wolf (shapeshifter) (Depths:1)
  A centaur (Zig:11)
  A killer bee (Abyss:3)
  3 wights (Tar:1)
  2 orc wizards
  A demigod skeleton (Crypt:2)
  2 shadow imps
  A worm (shapeshifter) (Depths:1)
  4 orcs
  A bat (shapeshifter) (Depths:1)
  A goblin (shapeshifter) (Depths:1)
  3 crawling corpses
302 creatures vanquished.

Vanquished Creatures (others)
  A doom hound (Zig:19)
  58 eldritch tentacles
  A shadow dragon (Tar:1)
  A fire giant (Vaults:3)
  Ilsuiw (Shoals:2)
  2 draconian shifters
  A ghoul (Vaults:4)
  A purple draconian (Zot:3)
  A spark wasp (Zot:3)
  A servant of whispers (Desolation)
  A peacekeeper (Desolation)
  A death knight (Vaults:4)
  A shock serpent (Zot:3)
  A deep elf knight (Elf:2)
  An unseen horror (D:14)
  A sea snake (Shoals:3)
  An anaconda zombie (Hell)
  An ironbrand convoker (Desolation)
  A deep elf mage (Elf:1)
  An ugly thing (Vaults:3)
  A guardian serpent (Desolation)
  A meliai (shapeshifter) (Vaults:4)
  4 saltlings (Desolation)
  A wraith (Vaults:4)
  A hell hound (Zig:10)
  A slave (D:4)
  A small abomination (Abyss:3)
  A crimson imp (Depths:1)
  A quasit (Depths:1)
  Ijyb (D:4)
  2 adders (D:4)
  A shadow imp (Zig:19)
  A white imp (Depths:1)
  An ooze (D:4)
  5 ball lightnings (Zot:3)
  A ball python (D:4)
  8 fungi
  2 lurking horrors
  16 plants
  18 starspawn tentacles
  3 tentacles (Hell)
149 creatures vanquished.

Grand Total: 3975 creatures vanquished

Notes
Turn   | Place    | Note
-------+----------+-------------------------------------------
     0 | D:1      | mortelune the Gargoyle Fire Elementalist began the quest
                  | for the Orb.
     0 | D:1      | Reached XP level 1. HP: 10/10 MP: 3/3
   173 | D:1      | Reached XP level 2. HP: 15/15 MP: 0/5
   261 | D:1      | Learned a level 2 spell: Throw Flame
   896 | D:2      | Reached XP level 3. HP: 19/19 MP: 2/6
  1837 | D:2      | Reached XP level 4. HP: 20/24 MP: 2/7
  1849 | D:2      | Learned a level 4 spell: Sticky Flame
  2266 | D:2      | Reached XP level 5. HP: 28/28 MP: 1/9
  2365 | D:2      | Noticed Jessica
  2390 | D:2      | Killed Jessica
  2830 | D:2      | You fall into a shaft and drop 2 floors!
  2830 | D:4      | Noticed a slave
  2830 | D:4      | Noticed a slave
  2831 | D:4      | Noticed Pikel
  2831 | D:4      | Noticed a slave
  2831 | D:4      | Noticed a slave
  2942 | D:4      | Killed Pikel
  2942 | D:4      | Reached skill level 5 in Conjurations
  2942 | D:4      | Reached skill level 5 in Fire Magic
  2942 | D:4      | Reached XP level 6. HP: 32/32 MP: 0/11
  2942 | D:4      | Reached XP level 7. HP: 36/36 MP: 0/12
  3040 | D:4      | Killed Ijyb
  3051 | D:4      | Learned a level 5 spell: Fireball
  3744 | D:3      | Found a blossoming altar of Fedhas.
  3878 | D:3      | Found an ancient bone altar of Kikubaaqudgha.
  4373 | D:4      | Reached XP level 8. HP: 41/41 MP: 4/14
  4528 | D:4      | Found a shimmering altar of Xom.
  4573 | D:4      | Found a radiant altar of Vehumet.
  4640 | D:4      | Noticed Edmund
  4654 | D:4      | Killed Edmund
  5013 | D:4      | Found a glowing silver altar of Zin.
  5323 | D:5      | Entered Level 5 of the Dungeon
  5352 | D:5      | Found a burning altar of Makhleb.
  5401 | D:4      | Learned a level 3 spell: Conjure Flame
  6521 | D:6      | Found a staircase to the Ecumenical Temple.
  6527 | Temple   | Entered the Ecumenical Temple
  6559 | Temple   | Became a worshipper of Ashenzari the Shackled
  6647 | D:6      | Reached XP level 9. HP: 43/45 MP: 4/16
  6652 | D:6      | Reached skill level 5 in Spellcasting
  6837 | D:6      | Found an opulent altar of Gozag.
  7599 | D:7      | Found a hide-covered altar of Uskayaw.
  7937 | D:7      | Found a bloodstained altar of Trog.
  8308 | D:7      | Found a white marble altar of Elyvilon.
  8415 | D:7      | Identified a scroll of acquirement
  8606 | D:7      | Got the cursed pair of gloves of Entitlement {+Inv rCorr
                  | Str+2}
  8617 | D:7      | Identified the cursed +0 pair of gloves of Entitlement
                  | {+Inv rCorr Str+2} (You acquired it on level 7 of the
                  | Dungeon)
  8786 | D:8      | Reached * piety under Ashenzari
  8796 | D:8      | Noticed a two-headed ogre
  8806 | D:8      | Killed a two-headed ogre
  8806 | D:8      | Reached XP level 10. HP: 50/50 MP: 2/19
  8934 | D:8      | Found a sacrificial altar of Ru.
  8972 | D:8      | Reached skill level 10 in Conjurations
  9035 | D:8      | Noticed Joseph
  9056 | D:8      | Killed Joseph
  9056 | D:8      | Reached skill level 1 in Fighting
  9056 | D:8      | Reached skill level 1 in Armour
  9271 | D:8      | Found a shadowy altar of Dithmenos.
  9352 | D:8      | Found a runed translucent gate.
  9353 | D:8      | Found a runed translucent gate.
  9354 | D:8      | Found a runed translucent gate.
  9354 | D:8      | Noticed a kobold demonologist
  9355 | D:8      | Identified the +5 whip "Zintom" {drain, Str+6 Int-2}
  9356 | D:8      | Noticed Nilihum's ghost (novice TeAE)
  9491 | D:8      | Found Kiexosm's Weapon Shop.
  9693 | D:8      | Noticed Grum
  9695 | D:8      | Noticed a cyclops
  9698 | D:8      | Reached skill level 2 in Fighting
  9730 | D:7      | Killed Grum
 10121 | D:8      | Reached skill level 10 in Fire Magic
 10180 | D:9      | Found a staircase to the Orcish Mines.
 10335 | D:9      | Found Kyn Anuixume's Gadget Shop.
 10450 | D:9      | Noticed a two-headed ogre
 10455 | D:9      | Noticed a centaur warrior
 10756 | D:9      | Killed a centaur warrior
 10756 | D:9      | Reached skill level 3 in Fighting
 10946 | D:9      | Reached XP level 11. HP: 60/60 MP: 11/21
 11212 | D:9      | Killed a two-headed ogre
 11212 | D:9      | Reached skill level 4 in Fighting
 11393 | D:9      | Found an iron altar of Okawaru.
 11470 | D:9      | Found a glowing golden altar of the Shining One.
 11520 | D:10     | Entered Level 10 of the Dungeon
 12594 | D:10     | Reached ** piety under Ashenzari
 13331 | D:11     | Found Giclafimp's Elemental Accessories.
 13468 | D:11     | Found a frozen archway.
 13491 | IceCv    | Entered an ice cave
 13760 | IceCv    | Reached skill level 5 in Armour
 13904 | IceCv    | Reached skill level 5 in Fighting
 14601 | IceCv    | Noticed a necromancer
 14682 | IceCv    | Killed a necromancer
 14689 | IceCv    | Got the cursed scale mail of Orthodoxy {rElec rF+ MR+
                  | Int+3}
 14697 | IceCv    | Got the uncursed plate armour of a Billion Moons {rF+ MR+}
 14730 | IceCv    | Reached XP level 12. HP: 37/69 MP: 17/24
 15048 | D:11     | Identified the +9 plate armour of a Billion Moons {rF+ MR+}
                  | (You found it in an ice cave)
 15143 | D:11     | Reached skill level 6 in Fighting
 15644 | D:11     | Found a staircase to the Lair.
 15929 | Lair:1   | Entered Level 1 of the Lair of Beasts
 16086 | Lair:1   | Gained mutation: You tend to lose your temper in combat.
                  | [potion of mutation]
 16086 | Lair:1   | Gained mutation: Your flesh is cold resistant. (rC+)
                  | [potion of mutation]
 16171 | Lair:1   | Noticed a seven-headed hydra
 16174 | Lair:1   | Killed a seven-headed hydra
 16578 | Lair:1   | Reached *** piety under Ashenzari
 17206 | Lair:2   | Noticed a four-headed hydra
 17210 | Lair:2   | Killed a four-headed hydra
 17210 | Lair:2   | Reached skill level 7 in Fighting
 17340 | Lair:2   | Noticed a five-headed hydra
 17346 | Lair:2   | Killed a five-headed hydra
 17406 | Lair:2   | Found a staircase to the Snake Pit.
 18009 | Lair:2   | Found a staircase to the Shoals.
 19067 | Lair:3   | Reached XP level 13. HP: 78/78 MP: 11/26
 19551 | Lair:4   | Reached skill level 8 in Fighting
 19973 | Lair:4   | Reached **** piety under Ashenzari
 21023 | Lair:5   | Noticed Snorg
 22281 | D:8      | Bought the +8 broad axe of Naats {chop, Fragile rPois Int+5
                  | Dex+3} for 820 gold pieces
 22967 | D:13     | Reached skill level 1 in Axes
 22972 | D:13     | Noticed a vault guard
 22986 | D:13     | Killed a vault guard
 22986 | D:13     | Reached skill level 9 in Fighting
 23416 | D:13     | Found Piesit's Antique Weapon Emporium.
 23618 | D:13     | Reached skill level 10 in Spellcasting
 24087 | D:13     | Found a gate to the Vaults.
 24280 | Orc:1    | Entered Level 1 of the Orcish Mines
 24416 | Orc:2    | Entered Level 2 of the Orcish Mines
 24615 | Orc:2    | Gained mutation: Your large and strong wings let you fly
                  | indefinitely. [Gargoyle growth]
 24615 | Orc:2    | Reached XP level 14. HP: 71/86 MP: 23/28
 26209 | Lair:5   | Reached ***** piety under Ashenzari
 26239 | Lair:5   | Reached skill level 1 in Shields
 26588 | Lair:5   | Learned a level 3 spell: Regeneration
 26662 | Lair:5   | Killed Snorg
 27110 | Lair:5   | Noticed Nessos
 27115 | Lair:5   | Killed Nessos
 27172 | Lair:5   | Found a staircase to the Slime Pits.
 27244 | Lair:6   | Entered Level 6 of the Lair of Beasts
 28262 | Lair:6   | Reached skill level 10 in Fighting
 28771 | Lair:6   | Reached skill level 1 in Evocations
 29984 | Orc:2    | Found Tis Semu's Food Shop.
 30127 | Orc:2    | Reached XP level 15. HP: 83/92 MP: 3/29
 30384 | Orc:2    | Found Hosymysu's Food Boutique.
 31209 | Orc:2    | Reached skill level 5 in Axes
 31426 | Orc:2    | Found a staircase to the Elven Halls.
 31901 | Orc:2    | Reached skill level 5 in Evocations
 32298 | Orc:2    | Found Jafocvuw's Gadget Emporium.
 32298 | Orc:2    | Found Peyts's Antique Weapon Shoppe.
 32299 | Orc:2    | Found a one-way gate leading to the halls of Pandemonium.
 32313 | Orc:2    | Bought a wand of clouds (6) for 360 gold pieces
 32636 | Orc:1    | Found Dejer's Jewellery Shop.
 32795 | Orc:1    | Reached skill level 11 in Fighting
 33317 | D:14     | Noticed Louise
 33763 | D:14     | Identified the ring of the Nine Shrikes {+Fly rPois rC+ rN+
                  | Str+2}
 33803 | D:14     | Killed Louise
 33808 | D:14     | Reached skill level 10 in Armour
 34341 | D:14     | Reached skill level 1 in Necromancy
 34865 | D:14     | Noticed Jorgrun
 34870 | D:14     | Killed Jorgrun
 34870 | D:14     | Reached XP level 16. HP: 100/100 MP: 5/30
 35654 | D:14     | Noticed Kirke
 35669 | D:14     | Killed Kirke
 35858 | D:15     | Entered Level 15 of the Dungeon
 36156 | D:15     | Learned a level 4 spell: Summon Lightning Spire
 36169 | D:15     | Reached ****** piety under Ashenzari
 36265 | D:15     | Reached skill level 5 in Shields
 36670 | D:15     | Reached skill level 1 in Air Magic
 36848 | D:15     | Identified the cursed +0 scale mail of Orthodoxy {rElec rF+
                  | MR+ Int+3} (You found it in an ice cave)
 37060 | D:15     | Found a staircase to the Depths.
 37760 | Snake:1  | Entered Level 1 of the Snake Pit
 37818 | Snake:1  | Noticed Aizul
 38115 | Shoals:1 | Entered Level 1 of the Shoals
 38396 | Shoals:1 | Reached skill level 12 in Fighting
 38447 | Shoals:1 | Found a runed translucent gate.
 38447 | Shoals:1 | Found a runed translucent gate.
 38447 | Shoals:1 | Found a runed translucent gate.
 38448 | Shoals:1 | Noticed case's ghost (adept MiBe)
 38448 | Shoals:1 | Noticed Kehicw's ghost (adept HOAs)
 38449 | Shoals:1 | Noticed Wecaes's ghost (journeyman HOFE)
 38450 | Shoals:1 | Identified the +4 falchion "Cemy" {pain, rPois Int+7}
 39973 | Shoals:2 | Noticed Ilsuiw
 40278 | Shoals:2 | Reached XP level 17. HP: 66/106 MP: 27/31
 40486 | Shoals:2 | Killed Ilsuiw
 41645 | Shoals:3 | Noticed Bai Suzhen
 41665 | Shoals:3 | Killed Bai Suzhen
 41896 | Shoals:3 | Reached skill level 5 in Air Magic
 43061 | Shoals:3 | Identified Roxanne's Incunabulum of Earth
 43061 | Shoals:3 | Noticed Roxanne
 43095 | Shoals:3 | Killed Roxanne
 43715 | Shoals:4 | Entered Level 4 of the Shoals
 43750 | Shoals:4 | Found the +8 lance "Wyrmbane" {slay drac, rPois rF+ rC+
                  | AC+3}
 44542 | Shoals:4 | Reached skill level 1 in Summonings
 44690 | Shoals:4 | Reached skill level 13 in Fighting
 45306 | Shoals:4 | Reached XP level 18. HP: 98/114 MP: 32/32
 45672 | Shoals:4 | Reached skill level 10 in Shields
 45860 | Shoals:4 | Got a barnacled rune of Zot
 45919 | Shoals:4 | Identified the Almanac of Displaced Augmentations
 46206 | D:11     | Bought the Incunabulum of Flames for 913 gold pieces
 46213 | D:11     | Learned a level 6 spell: Bolt of Fire
 46737 | Snake:1  | Killed Aizul
 46914 | Snake:1  | Found an opulent altar of Gozag.
 47850 | Snake:2  | Identified the ring of Peegieg {Str+3 Stlth+}
 48119 | Snake:2  | Noticed Vashnia
 48156 | Snake:2  | Killed Vashnia
 49206 | Snake:3  | Noticed Azrael
 49221 | Snake:3  | Killed Azrael
 49723 | Snake:3  | Found a sacrificial altar of Ru.
 49815 | Snake:4  | Entered Level 4 of the Snake Pit
 49985 | Snake:4  | Reached XP level 19. HP: 120/120 MP: 33/33
 50064 | Snake:4  | Found Rixky's Distillery.
 50067 | Snake:4  | Bought a potion of resistance for 120 gold pieces
 50067 | Snake:4  | Bought a potion of magic for 96 gold pieces
 50067 | Snake:4  | Bought a potion of curing for 36 gold pieces
 50067 | Snake:4  | Bought 2 potions of agility for 96 gold pieces
 50067 | Snake:4  | Bought a potion of resistance for 120 gold pieces
 50067 | Snake:4  | Bought a potion of invisibility for 96 gold pieces
 50067 | Snake:4  | Bought a potion of invisibility for 96 gold pieces
 50067 | Snake:4  | Bought a potion of invisibility for 96 gold pieces
 50067 | Snake:4  | Bought a potion of agility for 48 gold pieces
 50573 | Snake:4  | Reached skill level 5 in Summonings
 50574 | Snake:4  | Reached skill level 14 in Fighting
 50905 | Snake:4  | Reached skill level 10 in Axes
 52319 | Snake:4  | Got a serpentine rune of Zot
 52895 | Vaults:1 | Entered Level 1 of the Vaults
 53372 | Vaults:1 | Reached skill level 1 in Polearms
 54334 | Vaults:1 | Reached skill level 5 in Polearms
 54808 | Vaults:1 | Reached XP level 20. HP: 94/128 MP: 21/34
 55406 | Vaults:2 | Reached skill level 15 in Fighting
 55596 | Vaults:2 | Noticed Boris
 55611 | Vaults:2 | Killed Boris
 55689 | Vaults:2 | Found a roughly hewn altar of Beogh.
 56218 | Vaults:2 | Noticed Frederick
 56235 | Vaults:2 | Noticed Jory
 56245 | Vaults:2 | Killed Frederick
 56281 | Vaults:2 | Killed Jory
 57567 | Vaults:2 | Reached skill level 15 in Armour
 57641 | Vaults:2 | Learned a level 6 spell: Shadow Creatures
 58128 | Vaults:2 | Identified the +5 chain mail of Zearugag {-Cast +Inv SInv
                  | Stlth+}
 58675 | Vaults:3 | Reached skill level 16 in Fighting
 58795 | Vaults:3 | Reached XP level 21. HP: 136/136 MP: 35/35
 58814 | Vaults:3 | Reduced skill Axes to level 5
 59403 | Vaults:3 | Found a staircase to the Crypt.
 59730 | Vaults:3 | Noticed Saint Roka
 60449 | Vaults:3 | Reached skill level 15 in Fire Magic
 60656 | Vaults:3 | Killed Saint Roka
 60656 | Vaults:3 | Reached skill level 10 in Summonings
 61018 | Vaults:3 | Reached skill level 10 in Polearms
 61028 | Vaults:3 | Reduced skill Axes to level 1
 61883 | Vaults:3 | Found the +9 heavy crossbow "Sniper" {velocity, Acc+∞ SInv}
 61900 | Vaults:3 | Identified Axzi's Tome of Freezing Clay
 61910 | Vaults:3 | Identified the Compendium of Gliding Envenoming
 62136 | Vaults:4 | Found a flickering gateway to a bazaar.
 62145 | Bazaar   | Entered a bazaar
 62243 | Bazaar   | Found Muungafi's Armour Shoppe.
 62258 | Bazaar   | Found Yfeorgh's Armour Emporium.
 62273 | Bazaar   | Found Miratix's General Store.
 62288 | Bazaar   | Found Vopurej's Distillery.
 62288 | Bazaar   | Found Xurph's Jewellery Shoppe.
 62342 | Bazaar   | Bought a scroll of teleportation for 27 gold pieces
 62356 | Bazaar   | Bought a potion of heal wounds for 55 gold pieces
 62356 | Bazaar   | Bought a potion of haste for 110 gold pieces
 62356 | Bazaar   | Bought a potion of mutation for 88 gold pieces
 62356 | Bazaar   | Bought a potion of might for 44 gold pieces
 62356 | Bazaar   | Bought a potion of might for 44 gold pieces
 62376 | Bazaar   | Bought a potion of curing for 27 gold pieces
 62376 | Bazaar   | Bought a scroll of magic mapping for 31 gold pieces
 62376 | Bazaar   | Bought a crystal ball of energy for 180 gold pieces
 62426 | Bazaar   | Bought the amulet of Surprise {Spirit MR+ Dex+2} for 561
                  | gold pieces
 62463 | Bazaar   | Bought a +1 pair of boots of stealth for 148 gold pieces
 62633 | Vaults:4 | Learned a level 2 spell: Blink
 63447 | Vaults:4 | Reached XP level 22. HP: 139/144 MP: 21/36
 63720 | Vaults:4 | Noticed Boris
 64059 | Vaults:4 | Reached skill level 17 in Fighting
 64132 | Vaults:4 | Killed Boris
 65049 | Depths:1 | Entered Level 1 of the Depths
 65129 | D:15     | Learned a level 5 spell: Bolt of Magma
 65191 | D:15     | Reached skill level 1 in Earth Magic
 65700 | Depths:1 | Identified the +4 spear of the Salmon {pierce, rPois}
 65788 | Depths:1 | Reached skill level 10 in Evocations
 65950 | Depths:1 | Found a gateway to Hell.
 66612 | Depths:1 | Identified the cursed +0 buckler of the Endless Expanse
                  | {rC+ Int+4}
 66968 | Depths:1 | Found a runed translucent gate.
 66969 | Depths:1 | Found a runed translucent gate.
 66971 | Depths:1 | Found a runed translucent gate.
 67579 | Depths:1 | Found a runed translucent gate.
 67579 | Depths:1 | Found a runed translucent gate.
 67583 | Depths:1 | Found a runed translucent gate.
 67590 | Depths:1 | Noticed Eddam's ghost (adept MiBe)
 68439 | Depths:2 | Reached skill level 5 in Earth Magic
 68898 | Depths:2 | Noticed a juggernaut
 68904 | Depths:2 | Killed a juggernaut
 68942 | Depths:2 | Reached XP level 23. HP: 114/151 MP: 21/38
 69177 | Depths:2 | Identified the +3 leather armour of the Beggar {*Corrode
                  | rElec rN+++ Dex+3}
 69600 | Depths:2 | Reached skill level 5 in Dodging
 70346 | Depths:2 | Found a corrupted altar of Lugonu.
 70346 | Depths:2 | Found a one-way gate to the infinite horrors of the Abyss.
 70570 | Depths:3 | Reached skill level 18 in Fighting
 71939 | Depths:3 | Found a transporter.
 72059 | Depths:3 | Noticed a juggernaut
 72060 | Depths:3 | Found a bloodstained altar of Trog.
 72060 | Depths:3 | Identified the +1 demon whip "Amahakep" {slash, *Noise rF+
                  | Str+2 Stlth+}
 72060 | Depths:3 | Identified the +7 rapier of Gluttony {protect, rC+ Str+2
                  | Dex+4 Stlth+}
 72060 | Depths:3 | Identified the +6 rapier of Memid {pierce, rN+ Stlth+}
 72100 | Depths:3 | Identified the +5 rapier of Law {antimagic, rElec Str+3
                  | SInv}
 72100 | Depths:3 | Identified the +2 rapier "Goblinbane" {freeze, rElec rPois
                  | Int+3}
 72102 | Depths:3 | Noticed Pylywuoh's ghost (adept TrMo)
 72122 | Depths:3 | Found a transporter.
 72141 | Depths:3 | Gained mutation: Scrolls take you a little longer to read.
                  | [a neqoxec]
 72175 | Depths:3 | Gained mutation: Your body sometimes deteriorates upon
                  | taking damage. [a neqoxec]
 73424 | Depths:4 | Lost mutation: Your flesh is cold resistant. (rC+) [potion
                  | of mutation]
 73424 | Depths:4 | Lost mutation: Scrolls take you a little longer to read.
                  | [potion of mutation]
 73424 | Depths:4 | Gained mutation: You are partially covered in icy blue
                  | scales. (AC +2) [potion of mutation]
 73424 | Depths:4 | Gained mutation: Your mind is acute. (Int +2) [potion of
                  | mutation]
 73425 | Depths:4 | Reached XP level 24. HP: 145/159 MP: 39/39
 74585 | Depths:4 | Noticed a juggernaut
 74615 | Depths:4 | Killed a juggernaut
 74927 | Depths:4 | Reached XP level 25. HP: 152/164 MP: 40/40
 75472 | Depths:5 | Entered Level 5 of the Depths
 75930 | Depths:5 | Found a gateway to a ziggurat.
 76456 | Depths:5 | Reached skill level 19 in Fighting
 77800 | Depths:5 | Found a gate to the Realm of Zot.
 78284 | Elf:1    | Entered Level 1 of the Elven Halls
 78496 | Elf:1    | Reached skill level 1 in Translocations
 79751 | Elf:2    | Found a ruined gateway.
 79787 | Desolati | Entered the Desolation of Salt
 79947 | Desolati | Gained mutation: You often lose your temper in combat.
                  | [mutagenic glow]
 80631 | Desolati | Identified the ring of the Twelve Orbs {rElec rF+ rC+ MR-}
 80773 | Desolati | Identified the +0 ring mail "Kuoma" {*Corrode rC+ rN++
                  | Slay+2}
 80773 | Desolati | Identified the ring "Beozoic" {+Fly rPois Int+8 Dex-2}
 80773 | Desolati | Identified the cursed +2 trident "Epnegell" {flame, rElec
                  | Dex+4}
 81098 | Desolati | Identified the +2 cloak of the Shining One's Envy {rF+}
 81115 | Desolati | Identified the +1 mace of the Present {freeze, rC+}
 81452 | Desolati | Identified the +0 robe of Satisfaction {*Slow rF- rN+
                  | Int+6}
 81724 | Elf:2    | Reached XP level 26. HP: 172/172 MP: 41/41
 82064 | Elf:2    | Found a runed translucent gate.
 82064 | Elf:2    | Found a runed translucent gate.
 82064 | Elf:2    | Found a runed translucent gate.
 83025 | Elf:3    | Entered Level 3 of the Elven Halls
 83924 | Elf:3    | Found Toseov's Gadget Boutique.
 83924 | Elf:3    | Found Banentenk's Jewellery Shoppe.
 83925 | Elf:3    | Found Zopsos's Gadget Boutique.
 83940 | Elf:3    | Bought a wand of digging (6) for 200 gold pieces
 83944 | Elf:3    | Bought a phantom mirror for 360 gold pieces
 83944 | Elf:3    | Bought a phantom mirror for 360 gold pieces
 83944 | Elf:3    | Bought a phantom mirror for 360 gold pieces
 83944 | Elf:3    | Bought a crystal ball of energy for 240 gold pieces
 84186 | Elf:3    | Identified the +11 war axe "Ceimuaf" {drain, rN+}
 84186 | Elf:3    | Identified the cursed ring of Xom's Approval {rF+ Int-3
                  | Dex+6 Stlth+}
 84190 | Elf:3    | Identified the cursed +2 hand axe "Ticve" {holy, +Inv rF+
                  | rC+ rN+}
 84190 | Elf:3    | Identified the cursed ring "Xetyvoaz" {rC+ Int-3 Dex+4}
 84256 | Elf:3    | Reached skill level 10 in Dodging
 84264 | Elf:3    | Reached skill level 5 in Translocations
 84497 | Elf:3    | Identified the cursed +0 plate armour of the Earth {rN+
                  | MR+}
 85019 | Elf:3    | Identified the cursed +0 ring mail of Ashrizaor {rC+}
 85173 | Elf:3    | Identified the ring of Wopuba {*Slow +Fly rPois rF+ Int+2}
 85197 | Elf:3    | Reached skill level 20 in Fighting
 85206 | Elf:3    | Identified Umuitiha's Advanced Steps in Thaumaturgy
 85626 | Elf:3    | Identified the cursed +5 plate armour of Impressiveness
                  | {MR+} (You acquired it on level 3 of the Elven Halls)
 85853 | D:8      | Killed Nilihum's ghost
 86353 | Shoals:1 | Killed case's ghost
 86387 | Shoals:1 | Killed Wecaes's ghost
 86404 | Shoals:1 | Killed Kehicw's ghost
 86421 | Shoals:1 | Identified Sif Muna's Guide on Air
 86800 | Depths:1 | Gained mutation: Armour fits poorly on your strangely
                  | shaped body. [a cacodemon]
 86855 | Depths:1 | Killed Eddam's ghost
 86875 | Depths:1 | Learned a level 1 spell: Apportation
 86903 | Depths:1 | Got the uncursed hat "Ojamog" {Dex+5 Slay+3}
 86911 | Depths:1 | Identified the +0 hat "Ojamog" {Dex+5 Slay+3} (You found it
                  | on level 1 of the Depths)
 87089 | Depths:1 | Reached XP level 27. HP: 179/179 MP: 41/41
 87090 | Depths:1 | Lost mutation: You are partially covered in icy blue
                  | scales. (AC +2) [potion of mutation]
 87090 | Depths:1 | Lost mutation: You often lose your temper in combat.
                  | [potion of mutation]
 87090 | Depths:1 | Gained mutation: You expend magic power (3 MP) to
                  | strengthen your wands. [potion of mutation]
 87090 | Depths:1 | Gained mutation: You are partially covered in yellow
                  | scales. (AC +2) [potion of mutation]
 87091 | Depths:1 | Lost mutation: You expend magic power (3 MP) to strengthen
                  | your wands. [potion of mutation]
 87091 | Depths:1 | Lost mutation: Your body sometimes deteriorates upon taking
                  | damage. [potion of mutation]
 87091 | Depths:1 | Lost mutation: Armour fits poorly on your strangely shaped
                  | body. [potion of mutation]
 87091 | Depths:1 | Gained mutation: Your spells are a little easier to cast,
                  | but a little less powerful. [potion of mutation]
 87091 | Depths:1 | Lost mutation: You tend to lose your temper in combat.
                  | [potion of mutation]
 87091 | Depths:1 | Gained mutation: You have supernaturally acute eyesight.
                  | (SInv) [potion of mutation]
 87631 | Depths:3 | Found a shimmering blue altar of Sif Muna.
 88006 | Depths:3 | Identified the -3 hat of the Final Yaks {Regen+ Dex+3}
 88605 | Crypt:1  | Entered Level 1 of the Crypt
 90050 | Crypt:2  | Reached skill level 15 in Spellcasting
 90524 | Crypt:2  | Noticed Xtahua
 90550 | Crypt:2  | Killed Xtahua
 90555 | Crypt:2  | Killed the ghostly Xtahua
 91040 | Crypt:3  | Entered Level 3 of the Crypt
 91479 | Crypt:3  | Found a staircase to the Tomb.
 91853 | Crypt:3  | Found a basalt altar of Yredelemnul.
 91865 | Crypt:3  | Paralysed by fainting for 6 turns
 92157 | Crypt:3  | Found a basalt altar of Yredelemnul.
 92787 | Crypt:3  | Learned a level 7 spell: Malign Gateway
 92792 | Crypt:3  | Learned a level 4 spell: Passage of Golubria
 93133 | Slime:1  | Entered Level 1 of the Pits of Slime
 93469 | Slime:4  | Reached skill level 21 in Fighting
 93589 | Slime:5  | Entered Level 5 of the Pits of Slime
 94662 | Slime:5  | Noticed the Royal Jelly
 94685 | Slime:5  | Killed the Royal Jelly
 95412 | Slime:4  | HP: 9/182 [acid[the Royal Jelly] (4)]
 95874 | Slime:5  | Reached skill level 15 in Summonings
 95933 | Slime:5  | Identified a +0 pair of boots of running
 95935 | Slime:5  | Identified the +8 eveningstar "Tikkekas" {flame, *Contam
                  | rElec rPois Dex+9}
 95935 | Slime:5  | Identified the +3 ring mail of the Cooper {Stlth+}
 95956 | Slime:5  | Got a slimy rune of Zot
 96538 | Zot:1    | Entered Level 1 of the Realm of Zot
 96599 | Depths:5 | Reached skill level 10 in Translocations
 98065 | Zot:2    | Identified the +1 robe of the Six of Wands {rElec Dex+2}
100333 | Zot:2    | Reached skill level 22 in Fighting
105513 | Zot:4    | Reached skill level 23 in Fighting
105953 | Zot:5    | Entered Level 5 of the Realm of Zot
106433 | Zot:5    | Noticed an orb of fire
107098 | Zot:5    | Lost mutation: Your mind is acute. (Int +2) [an orb of
                  | fire]
107105 | Zot:5    | Killed an orb of fire
107184 | Zot:5    | Noticed an ancient lich
107196 | Zot:5    | Killed an ancient lich
107312 | Zot:5    | Noticed an ancient lich
107316 | Zot:5    | Killed an ancient lich
107625 | Zot:5    | Noticed an orb of fire
107626 | Zot:5    | Gained mutation: Your magical capacity is low. (-10% MP)
                  | [an orb of fire]
107670 | Zot:5    | Gained mutation: Your muscles are strong. (Str +2) [an orb
                  | of fire]
107680 | Zot:5    | Killed an orb of fire
107703 | Zot:5    | Gained mutation: You tend to lose your temper in combat.
                  | [mutagenic glow]
107836 | Zot:5    | Noticed an ancient lich
107837 | Zot:5    | Gained mutation: You do not regenerate when monsters are
                  | visible. [mutagenic glow]
107852 | Zot:5    | Killed an ancient lich
108203 | Zot:5    | Noticed an ancient lich
108217 | Zot:5    | Noticed an orb of fire
108220 | Zot:5    | Noticed an orb of fire
108242 | Zot:5    | Noticed an ancient lich
108265 | Zot:5    | Killed an ancient lich
108281 | Zot:5    | Noticed an ancient lich
108283 | Zot:5    | Noticed an ancient lich
108722 | Zot:5    | Killed an ancient lich
108965 | Zot:5    | Killed an ancient lich
109333 | Zot:5    | Killed an orb of fire
109340 | Zot:5    | Killed an ancient lich
109355 | Zot:5    | Lost mutation: Your spells are a little easier to cast, but
                  | a little less powerful. [an orb of fire]
109363 | Zot:5    | Killed an orb of fire
109610 | Zot:5    | Learned a level 8 spell: Ignition
109861 | Depths:4 | Lost mutation: You are partially covered in yellow scales.
                  | (AC +2) [potion of mutation]
109861 | Depths:4 | Lost mutation: You have supernaturally acute eyesight.
                  | (SInv) [potion of mutation]
109861 | Depths:4 | Lost mutation: You tend to lose your temper in combat.
                  | [potion of mutation]
109861 | Depths:4 | Gained mutation: You tend to lose your temper in combat.
                  | [potion of mutation]
109861 | Depths:4 | Gained mutation: Your mind is acute. (Int +2) [potion of
                  | mutation]
109862 | Depths:4 | Lost mutation: Your mind is acute. (Int +2) [potion of
                  | mutation]
109862 | Depths:4 | Lost mutation: Your magical capacity is low. (-10% MP)
                  | [potion of mutation]
109862 | Depths:4 | Lost mutation: Your muscles are strong. (Str +2) [potion of
                  | mutation]
109862 | Depths:4 | Lost mutation: You tend to lose your temper in combat.
                  | [potion of mutation]
109862 | Depths:4 | Gained mutation: You occasionally shout uncontrollably at
                  | your foes. [potion of mutation]
109862 | Depths:4 | Gained mutation: You are occasionally teleported next to
                  | monsters. [potion of mutation]
109862 | Depths:4 | Gained mutation: You are partially covered in thin metallic
                  | scales. (AC +2) [potion of mutation]
109863 | Depths:4 | Lost mutation: You do not regenerate when monsters are
                  | visible. [potion of mutation]
109863 | Depths:4 | Lost mutation: You are occasionally teleported next to
                  | monsters. [potion of mutation]
109863 | Depths:4 | Lost mutation: You occasionally shout uncontrollably at
                  | your foes. [potion of mutation]
109863 | Depths:4 | Gained mutation: You possess an exceptional clarity of
                  | mind. [potion of mutation]
109863 | Depths:4 | Gained mutation: You passively map a small area around you.
                  | [potion of mutation]
109863 | Depths:4 | Gained mutation: You are partially covered in large bone
                  | plates. (SH +4) [potion of mutation]
110290 | Vaults:5 | Entered Level 5 of the Vaults
111344 | Vaults:5 | Noticed Mennas
111652 | Vaults:5 | Killed Mennas
111938 | Vaults:5 | Identified the cursed +2 hand crossbow "Qaerauq" {elec, MR-
                  | Int+8 Dex-4 Stlth+}
111952 | Vaults:5 | Identified Ocaesut's Disquisition on Heat
112288 | Vaults:5 | Found Gaofuruir's Armour Boutique.
112442 | Vaults:5 | Got a silver rune of Zot
112602 | Vaults:5 | Identified the +1 helmet "Ysos Oju" {rC+ Dex+4 SInv}
113503 | Vaults:5 | Identified the cursed amulet of Moodiness {RegenMP rN+
                  | SInv} (You acquired it on level 5 of the Vaults)
113770 | Hell     | Entered the Vestibule of Hell
113770 | Hell     | Noticed Geryon
113779 | Hell     | Noticed Murray
114771 | Hell     | Killed Geryon
115056 | Hell     | Found a gateway to the ashen valley of Gehenna.
115188 | Hell     | Found a gateway to the decaying netherworld of Tartarus.
115355 | Hell     | Found a gateway to the Iron City of Dis.
115396 | Hell     | Found a gateway to the freezing wastes of Cocytus.
115496 | Tar:1    | Entered Level 1 of Tartarus
117107 | Depths:3 | Voluntarily entered the Abyss.
117230 | Abyss:2  | Found an ancient bone altar of Kikubaaqudgha.
117474 | Abyss:3  | Noticed an ancient lich
117487 | Abyss:3  | Killed an ancient lich
118106 | Abyss:3  | Gained mutation: Your magical capacity is low. (-10% MP) [a
                  | neqoxec]
118110 | Abyss:3  | Gained mutation: You are frail. (-10% HP) [a neqoxec]
118118 | Abyss:3  | Gained mutation: Your body sometimes deteriorates upon
                  | taking damage. [a neqoxec]
118460 | Abyss:3  | Gained mutation: You are weak. (Str -2) [a neqoxec]
118464 | Abyss:3  | Lost mutation: You possess an exceptional clarity of mind.
                  | [a neqoxec]
118631 | Abyss:3  | Gained mutation: Armour fits poorly on your strangely
                  | shaped body. [a neqoxec]
118669 | Abyss:3  | Identified the +8 shortbow of Resumed Hostilities {venom,
                  | Str+4}
118808 | Abyss:3  | Found an opulent altar of Gozag.
119538 | Abyss:3  | Found a corrupted altar of Lugonu.
119659 | Abyss:3  | Found a corrupted altar of Lugonu.
120117 | Abyss:4  | Found a corrupted altar of Lugonu.
120352 | Abyss:4  | Got an abyssal rune of Zot
120446 | Depths:3 | Escaped the Abyss
120982 | Depths:3 | Lost mutation: Armour fits poorly on your strangely shaped
                  | body. [potion of mutation]
120982 | Depths:3 | Lost mutation: You passively map a small area around you.
                  | [potion of mutation]
120982 | Depths:3 | Lost mutation: Your body sometimes deteriorates upon taking
                  | damage. [potion of mutation]
120982 | Depths:3 | Lost mutation: Your magical capacity is low. (-10% MP)
                  | [potion of mutation]
120982 | Depths:3 | Gained mutation: You are mostly covered in large bone
                  | plates. (SH +6) [potion of mutation]
120982 | Depths:3 | Gained mutation: Your mind is acute. (Int +2) [potion of
                  | mutation]
121052 | Zig:1    | Entered Level 1 of a ziggurat
121074 | Zig:2    | Entered Level 2 of a ziggurat
121107 | Zig:3    | Entered Level 3 of a ziggurat
121192 | Zig:4    | Entered Level 4 of a ziggurat
121266 | Zig:5    | Entered Level 5 of a ziggurat
121271 | Zig:5    | Identified the +1 robe of Charity {rC+ Int+2 SInv}
121414 | Zig:6    | Entered Level 6 of a ziggurat
121665 | Zig:7    | Entered Level 7 of a ziggurat
121700 | Zig:7    | Identified the Guide on Clay
121832 | Zig:8    | Entered Level 8 of a ziggurat
121863 | Zig:8    | Gained mutation: Your body sometimes deteriorates upon
                  | taking damage. [a shining eye]
122007 | Zig:9    | Entered Level 9 of a ziggurat
122043 | Zig:9    | Identified the +4 fustibalus of the Horn {venom, rElec rC+
                  | MP+9 Str-3}
122051 | Zig:9    | Found the ring of Robustness {AC+8}
122097 | Zig:9    | Reached skill level 5 in Necromancy
122152 | Zig:10   | Entered Level 10 of a ziggurat
122165 | Zig:10   | Identified the +9 hand crossbow "Sarcophage" {venom, rElec
                  | Str-2 Int+4 Stlth+}
122171 | Zig:10   | Identified the +5 ring mail of Idiyz {Str+4 Int+3 Dex+2}
122326 | Zig:11   | Entered Level 11 of a ziggurat
122509 | Zig:12   | Entered Level 12 of a ziggurat
122539 | Zig:12   | Identified the ring "Ytin" {rElec rF- rN+ Dex+2 Stlth+}
122540 | Zig:12   | Identified the +2 buckler of Suhom {*Drain rN+ rCorr Str+4}
122541 | Zig:12   | Identified the ring of Lugonu's Indignation {+Blink rElec
                  | Dex+3 Stlth+}
122555 | Zig:12   | Identified the Incunabulum of Shifting Heat
122711 | Zig:12   | Identified Mapru's Grimoire of Enchantment
122719 | Zig:13   | Entered Level 13 of a ziggurat
122724 | Zig:13   | Noticed a juggernaut
122729 | Zig:13   | Noticed a juggernaut
122733 | Zig:13   | Killed a juggernaut
122750 | Zig:13   | Killed a juggernaut
123212 | Zig:14   | Entered Level 14 of a ziggurat
123220 | Zig:14   | Noticed Vush the pandemonium lord
123221 | Zig:14   | Noticed Ocwuwezxi the pandemonium lord
123222 | Zig:14   | Noticed Ruty the pandemonium lord
123222 | Zig:14   | Noticed Eqolat the pandemonium lord
123225 | Zig:14   | Killed Eqolat the pandemonium lord
123226 | Zig:14   | Noticed Anusyibu the pandemonium lord
123227 | Zig:14   | Identified the +3 ring mail "Qadekeet" {Str+4}
123227 | Zig:14   | Identified the +9 mace of Magineq {crush, rN+}
123227 | Zig:14   | Identified the ring "Bappiteizu" {Wiz Str+4}
123227 | Zig:14   | Identified the Almanac of Beguiling
123231 | Zig:15   | Entered Level 15 of a ziggurat
123632 | Zig:15   | Identified the ring of Egejaned {Ice rElec Int-4 Dex+4
                  | SInv}
123636 | Zig:15   | Identified the cursed +2 arbalest of Gehenna {freeze, Str+5
                  | Int+4 Stlth+}
123636 | Zig:15   | Found the +8 orange crystal plate armour {Archmagi, Int+3
                  | Clar}
123728 | Zig:16   | Entered Level 16 of a ziggurat
123741 | Zig:16   | Reached skill level 24 in Fighting
123801 | Zig:16   | Identified the Collected Works on Transformation and
                  | Protection
123986 | Zig:17   | Entered Level 17 of a ziggurat
123996 | Zig:17   | Noticed an ancient lich
123998 | Zig:17   | Noticed an ancient lich
123999 | Zig:17   | Noticed an ancient lich
124000 | Zig:17   | Noticed an ancient lich
124003 | Zig:17   | Killed an ancient lich
124005 | Zig:17   | Killed an ancient lich
124008 | Zig:17   | Killed an ancient lich
124009 | Zig:17   | Noticed an ancient lich
124012 | Zig:17   | Identified the cursed ring "Tesecvirr" {rElec Str-3 Dex+8}
124012 | Zig:17   | Identified the +4 falchion of the Unkillable {elec,
                  | *Corrode rPois MR+ Dex+7}
124013 | Zig:17   | Killed an ancient lich
124021 | Zig:17   | Killed an ancient lich
124028 | Zig:17   | Identified the cursed +3 hand axe "Ismeyf" {speed, +Blink}
124344 | Zig:18   | Entered Level 18 of a ziggurat
124552 | Zig:18   | Identified the +1 broad axe of the Queen {holy, rF++}
124552 | Zig:18   | Identified the +8 mace of Arorum {protect, Dex+4}
124567 | Zig:18   | Identified the cursed +3 morningstar "Tachuj" {flame, rN+
                  | Dex+4}
124568 | Zig:18   | Identified the +9 demon whip of Eternal Vigilance {freeze,
                  | rF+}
124699 | Zig:19   | Entered Level 19 of a ziggurat
124802 | Zig:19   | Reached skill level 25 in Fighting
124810 | Zig:19   | HP: 8/173 [hellion/damnation (22)]
124812 | Zig:19   | Killed from afar by a hellion

Levels and vault maps discovered:
D:1:      ncdulo_halloftheorcs, layout_rooms, serial_curves, eino_curves_02,
          eino_curves_02
D:2:      layout_basic, kennysheep_jessica_study
D:3:      layout_loops_cross, lemuel_doored_altar, fedhas_altar_2, first_ration
D:4:      minmay_skewed_foursquare, layout_cave_pods, xom_teletrap_fun,
          zin_statuary, vehumet_altar_wand_db, uniq_pikel, uniq_edmund,
          uniq_ijyb
D:5:      layout_cave_pods, old_standard_altar, chequers_serial_rivers_small_a
D:6:      cheibrodos_barr_body, layout_rooms, grunt_gozag_breadcrumbs,
          minmay_temple_entry_wispy
D:7:      layout_basic, kennysheep_little_box, eat_drink_and_be_merry_uskayaw,
          elyvilon_altar_3
D:8:      layout_gridville, hangedman_ru_absence, old_standard_altar,
          serial_shops, nicolae_shop_behind_doors,
          gammafunk_ghost_nasty_kobolds, uniq_joseph, uniq_grum
D:9:      kennysheep_blocky_room, layout_rooms, old_standard_altar,
          lemuel_coloured_pillars_altar, david_orc_2, serial_shops, shop,
          st_stairs_1
D:10:     layout_irregular_city, hangedman_fish_farm
D:11:     layout_irregular_city, erik_lair_orcish_takeover, serial_column_ruins,
          column_ruins_grid_1, column_ruins_grid_3, column_ruins_open_small,
          column_ruins_open_small, column_ruins_corridor_water,
          column_ruins_grid_4, column_ruins_columns_straight,
          portal_ice_cave_entry_imps, nicolae_elemental_shop
D:12:     layout_roguey
D:13:     layout_loops_ring, david_vaults_5, serial_shops, shop_statue,
          nicolae_sextant
D:14:     minmay_the_grid_square_5x5_4x4
          [minmay_the_grid_square_5x5_two_walls_b,
          minmay_the_grid_square_5x5_inner_i,
          minmay_the_grid_square_5x5_spiral_small,
          minmay_the_grid_square_5x5_trominoes,
          minmay_the_grid_square_5x5_checkered_sparse,
          minmay_the_grid_square_5x5_prize_monsterx,
          minmay_the_grid_square_5x5_prize_pseudospiral,
          minmay_the_grid_square_5x5_c, minmay_the_grid_square_5x5_two_walls_a,
          minmay_the_grid_square_5x5_prize_gold,
          minmay_the_grid_square_5x5_prize_junk,
          minmay_the_grid_square_5x5_inverted_slash,
          minmay_the_grid_square_5x5_shrine1, minmay_the_grid_square_5x5_v,
          minmay_the_grid_square_5x5_plus,
          minmay_the_grid_square_5x5_doubleslash], layout_long_grid,
          roderic_lattice_a, serial_rivers, chequers_serial_rivers_room_a,
          chequers_serial_rivers_micro_c, chequers_serial_rivers_large_b,
          chequers_serial_rivers_micro_d, chequers_serial_rivers_micro_a,
          uniq_kirke, uniq_jorgrun, uniq_louise
D:15:     grunt_enter_depths_snipers, layout_loops_ring, serial_rivers,
          chequers_serial_rivers_small_3, chequers_serial_rivers_marsh,
          chequers_serial_rivers_room_b, chequers_serial_rivers_micro_d,
          chequers_serial_rivers_micro_e, chequers_serial_rivers_small_a,
          grunt_decor_arrowhead, nicolae_water_bricks, minmay_liquid_box
Temple:   nicolae_temple_figure_zero
Lair:1:   wad_woods_04, layout_long_grid
Lair:2:   layout_hall_layers, minmay_shoals_entry_centaurs, dummy_snake_entry,
          disabler_island
Lair:3:   layout_loops_ring, serial_bayou_shore_a, infiniplex_staircase_pool,
          grunt_megastairs_4, minmay_lair_oklob_chamber
Lair:4:   layout_cave_shapes
Lair:5:   layout_roguey, slime_dummy, bobbens_ice_dragon_lair, uniq_nessos,
          uniq_snorg
Lair:6:   minmay_lair_end_enchanted_forest, layout_regular_city, minivault_11
Shoals:1: layout_shoals, gammafunk_ghost_cemetery, nicolae_shoals_so_close
Shoals:2: layout_shoals, centaur_isle, uniq_ilsuiw
Shoals:3: layout_shoals, hangedman_shoal_volcano, uniq_bai_suzhen, uniq_roxanne
Shoals:4: shoals_end_hangedman, layout_shoals, shoal_ilsuiw
Snake:1:  layout_misc_corridors, basic_altar, uniq_aizul
Snake:2:  layout_onion, nicolae_large_snake_swirl, uniq_vashnia
Snake:3:  nicolae_snake_nest, layout_basic, basic_altar, uniq_azrael
Snake:4:  snake_pit, layout_cave_town, serial_shops, nicolae_shop_behind_doors
Slime:1:  layout_caves
Slime:2:  layout_caves
Slime:3:  layout_caves, cheibrodos_slime_lost_civilization_6
Slime:4:  nicolae_slime_jelly_donut, layout_caves
Slime:5
Orc:1:    layout_caves, minmay_shop_enchanted_jewellery
Orc:2:    pf_orc_diabolical, layout_diamond_mine, minmay_orc_keep
Elf:1:    elf_arrival_002, layout_loops_corners, hangedman_elf_disciples,
          grunt_megastairs_2
Elf:2:    layout_loops_ring, portal_desolation_entry_nicolae_slug
Elf:3:    minmay_elf_hall_statues, layout_geoelf_octagon, minmay_shop_grove
Vaults:1: v_misc_24, ontoclasm_vaults_ligature, vaults_room_stairs_pillars,
          v_alt_pattern_5, nicolae_vaults_little_squares_4,
          hangedman_vaults_cutoff, grunt_vaults_diagonal,
          nicolae_vaults_little_squares_2, dpeg_vaults_monster_box,
          layout_vaults_omnigrid
Vaults:2: v_alt_pattern_2, nicolae_vaults_mini_display_case, special_room_vaults
          [special_room_orc], v_alt_pattern_3, v_misc_11, hangedman_vaults_maws,
          grunt_vaults_bifocal, vaults_room_boxed, v_misc_17, v_rooms_6,
          nicolae_vaults_shelves_hall, layout_vaults_omnibox, uniq_frederick,
          uniq_boris, uniq_jory
Vaults:3: hangedman_vaults_locks, hangedman_vaults_slither,
          nicolae_vaults_little_squares_6, vaults_room_pool,
          nicolae_vaults_little_squares_5, ontoclasm_vaults_ring_large,
          minmay_crypt_entry_simple_box, nicolae_vaults_big_ls,
          vaults_room_door_hall, ontoclasm_vaults_idyll,
          minmay_guarded_unrand_secular_launcher, v_rooms_3,
          nicolae_vaults_border_crossing, layout_vaults_omnicross,
          uniq_saint_roka
Vaults:4: v_misc_28, st_spiral_rooms, v_misc_23, grunt_vaults_twisty, v_misc_10,
          vaults_mumra_minichess, vaults_room_stairs_pillars, v_misc_14,
          ontoclasm_vaults_ring_large, vaults_dpeg_cross,
          nicolae_vaults_stairing_the_circle, nicolae_vaults_network_periphery,
          v_misc_25, hangedman_vaults_stretched_pinwheel,
          grunt_vaults_hallway_short, layout_vaults_maze, serial_shops,
          bzr_firewalk
Vaults:5: serial_shops, uniq_mennas
Crypt:1:  layout_chaotic_city
Crypt:2:  layout_misc_corridors, minicrypt_bobbens, uniq_xtahua
Crypt:3:  church_of_pain_bobbens, layout_chaotic_city,
          lemuel_mausoleum_altar_yredelemnul
Depths:1: layout_cave_pools, minmay_misc_feat_x, grunt_hell_horde,
          ploomutoo_gammafunk_ghost_potion_laboratory, grunt_pan_entry_spiral,
          wad_scary_box
Depths:2: minmay_imperfect_grid, layout_basic, abyss_entry_flame_altar,
          chequers_serial_rivers_room_a, pan_entry, pf_coc_iceberg
Depths:3: minmay_crystal_thing, layout_twisted_cross, abyss_entry, hellmouth_1,
          rand_demon_pan_entry_7, gammafunk_ghost_wrathful_warriors,
          hangedman_decor_points
Depths:4: evilmike_marble_ring, layout_gridlike, hell_entry,
          nicolae_abyss_entry_one_way_or_another, kennysheep_minor_cross
Depths:5: grunt_zot_entry_gee_three, layout_honeycomb, enter_ziggurat_a,
          grunt_hell_entry_dis_old
Hell
Tar:1:    layout_cathedral_of_symmetry
Tar:2:    layout_honeycomb, grunt_megastairs_1
Zot:1:    layout_misc_corridors
Zot:2:    cheibrodos_zot_enchanting_chambers, layout_cathedral_of_symmetry,
          grunt_megastairs_3
Zot:3:    infiniplex_zot_generator, layout_misc_corridors, grunt_ministairs_3,
          zot_minivault_8
Zot:4:    grunt_zot_stairs_faceoff, layout_twisted_circle
Zot:5:    layout_onion, st_stairs_5, grunt_ministairs_7
Zig:19

Skill      XL: |  1  2  3  4  5  6  7  8  9 10 11 12 13 14 15 16 17 18 19 20 21 22 23 24 25 26 27 |
---------------+----------------------------------------------------------------------------------+-----
Conjurations   | 2 3 5 6 7 9 10 11 12 13 | 13.9
Fire Magic     | 4 5 6 7 9 10 11 12 13 14 15 23 | 23.9
Spellcasting   | 3 4 6 7 8 9 10 11 12 13 14 24 | 24.5
Fighting       | 3 5 7 9 10 11 12 13 14 16 17 18 19 20 25 | 25.0
Armour         | 3 5 7 9 10 11 12 14 15 16 17 | 17.5
Axes           | 2 4 6 7 8 9 7 6 0 |  0.0
Shields        | 4 6 9 12 | 12.3
Evocations     | 3 7 8 9 10 11 | 11.2
Dodging        | 2 3 4 7 9 10 12 | 12.0
Necromancy     | 2 3 6 |  6.0
Air Magic      | 3 5 7 |  7.5
Summonings     | 2 4 7 9 10 11 12 13 19 | 19.2
Polearms       | 7 8 10 14 | 14.1
Earth Magic    | 5 8 |  8.6
Translocations | 3 6 13 | 13.9
Stealth        | |  2.3

Action                   |  1- 3 |  4- 6 |  7- 9 | 10-12 | 13-15 | 16-18 | 19-21 | 22-24 | 25-27 || total
-------------------------+-------+-------+-------+-------+-------+-------+-------+-------+-------++-------
Melee: Short sword       |    52 |     1 |    55 |    34 |       |       |       |       |       ||   142
       Morningstar       |       |       |       |    38 |    14 |       |       |       |       ||    52
       Broad axe         |       |       |       |       |   469 |  1108 |   376 |       |       ||  1953
       Lance             |       |       |       |       |       |       |  1805 |  1687 |  7650 || 11142
       Unarmed           |       |       |       |       |       |       |       |       |     2 ||     2
 Cast: Flame Tongue      |    41 |    15 |   105 |   189 |   124 |    52 |     4 |       |     8 ||   538
       Throw Flame       |     7 |    26 |   147 |   292 |   436 |   118 |     9 |       |     7 ||  1042
       Sticky Flame      |       |     1 |    18 |    76 |    94 |    28 |    63 |    26 |    14 ||   320
       Fireball          |       |       |    13 |    64 |   178 |   192 |   172 |    72 |   145 ||   836
       Conjure Flame     |       |       |     1 |     6 |     8 |       |     5 |     1 |     1 ||    22
       Regeneration      |       |       |       |       |     3 |     2 |     1 |     5 |    19 ||    30
       Summon Lightning  |       |       |       |       |       |     8 |    28 |    20 |    22 ||    78
       Bolt of Fire      |       |       |       |       |       |     4 |    37 |    20 |    23 ||    84
       Shadow Creatures  |       |       |       |       |       |       |     4 |    27 |    81 ||   112
       Bolt of Magma     |       |       |       |       |       |       |       |    32 |     7 ||    39
       Blink             |       |       |       |       |       |       |       |     4 |     6 ||    10
       Apportation       |       |       |       |       |       |       |       |       |    10 ||    10
       Ignition          |       |       |       |       |       |       |       |       |   125 ||   125
       Malign Gateway    |       |       |       |       |       |       |       |       |    57 ||    57
Invok: Curse Item        |       |       |       |     1 |     3 |     1 |     2 |     1 |     5 ||    13
       Transfer Knowledg |       |       |       |       |       |       |     3 |       |       ||     3
 Abil: Fly               |       |       |       |       |     1 |       |       |       |     2 ||     3
       Evoke Invisibilit |       |       |       |       |       |     5 |     3 |     1 |     4 ||    13
       Stop Flying       |       |       |       |       |       |       |       |       |     2 ||     2
Evoke: Wand              |       |       |       |     2 |     1 |     1 |       |       |     9 ||    13
       Lamp of fire      |       |       |       |       |       |       |       |       |     1 ||     1
       Crystal ball of e |       |       |       |       |       |       |       |       |     1 ||     1
       Phantom mirror    |       |       |       |       |       |       |       |       |     1 ||     1
  Use: Scroll            |     3 |     1 |     9 |    17 |     7 |    13 |     7 |     2 |    42 ||   101
       Potion            |       |       |       |     2 |     4 |     2 |     1 |     4 |    31 ||    44
 Stab: Invisible         |       |       |       |       |       |    13 |    11 |       |     8 ||    32
       Distracted        |       |       |       |       |       |     1 |     3 |     9 |    13 ||    26
       Paralysed         |       |       |       |       |       |       |       |       |     9 ||     9
       Confused          |       |       |       |       |       |       |       |       |     1 ||     1
  Eat: Chunk             |     1 |     1 |    28 |    33 |    47 |    44 |    51 |    33 |    79 ||   317
       Ration            |     1 |     1 |       |     6 |     8 |     9 |     9 |     9 |    39 ||    82
Armor: Robe              |    29 |     6 |    46 |   175 |   175 |       |       |       |       ||   431
       Plate armour      |       |       |       |       |   364 |   998 |   965 |   838 |  3305 ||  6470
Dodge: Dodged            |    49 |     3 |    78 |   155 |   316 |   271 |   320 |   291 |  1846 ||  3329
       Deflected         |       |       |       |       |       |       |       |       |    50 ||    50
Block: Buckler           |       |       |       |       |   127 |       |       |       |       ||   127
       Shield            |       |       |       |       |     2 |   979 |  1181 |   773 |  4250 ||  7185
